 Dungeon Crawl Stone Soup version 0.28-a0-1415-g7c84da036a (webtiles) character file.

Game seed: 13918044769906611139

14 riojii the Caller (level 2, 0/11 HPs)
             Began as a Felid Summoner on Jan 7, 2022.
             Slain by a jackal (3 damage)
             ... on level 1 of the Dungeon.
             The game lasted 00:01:54 (604 turns).

riojii the Caller (Felid Summoner)                   Turns: 604, Time: 00:01:55

Health: 0/11       AC:  1    Str:  4    XL:     2   Next: 27%
Magic:  4/6        EV: 17    Int: 16    God:
Gold:   0          SH:  0    Dex: 16    Spells: 4/5 levels left
                                        Lives:  0   Deaths: 0

rFire   . . .      SeeInvis +   (weapon unavailable)
rCold   . . .      Faith    .   (shield unavailable)
rNeg    . . .      Spirit   .   (armour unavailable)
rPois   .          Reflect  .   (helmet unavailable)
rElec   .          Harm     .   (cloak unavailable)
rCorr   .          Rampage  .   (gloves unavailable)
Will    .....                   (boots unavailable)
Stlth   ++........              (no amulet)
HPRegen 0.03/turn               (no ring)
MPRegen 0.10/turn               (no ring)

@: quick
A: very small, claws 1, fangs 3, see invisible, speed 1, shaggy fur 1, stealthy
paws, no weapons or thrown items, no armour, multi-lived
a: no special abilities


You were on level 1 of the Dungeon.
You visited 1 branch of the dungeon, and saw 1 of its levels.

Inventory:

Scrolls
 a - a scroll of brand weapon {unknown}
 b - a scroll of enchant weapon {unknown}
 c - a scroll of identify {unknown}
 d - a scroll of magic mapping {unknown}


   Skills:
 - Level 2.6 Dodging
 - Level 2.6 Stealth
 + Level 2.4 Spellcasting
 + Level 4.3 Summonings


You had 4 spell levels left.
You knew the following spells:

 Your Spells              Type           Power      Damage    Failure   Level
a - Summon Small Mammal   Summ           60%        N/A       3%          1

Your spell library contained the following spells:

 Spells                   Type           Power      Damage    Failure   Level
 Call Imp                 Summ           15%        N/A       4%          2
 Call Canine Familiar     Summ           15%        N/A       10%         3
 Summon Guardian Golem    Hex/Summ       8%         N/A       24%         3
 Summon Lightning Spire   Summ/Air       8%         N/A       63%         4


Dungeon Overview and Level Annotations

Branches:
Dungeon (1/15)

Altars:


Innate Abilities, Weirdness & Mutations

You have sharp claws.
You have razor-sharp teeth.
You have supernaturally acute eyesight. (SInv)
You cover ground quickly. (Speed+)
You are covered in fur. (AC +1)
Your paws help you pounce on unaware monsters.
You are incapable of wielding weapons or throwing items.
You cannot wear armour.
You gain extra lives every three experience levels.


Message History

The jackal misses your quokka.
Your quokka bites the jackal but does no damage.
The jackal bites your quokka but does no damage.
Your quokka closely misses the jackal.
The jackal misses your quokka.
Your quokka misses the jackal. The jackal bites your quokka.
Your quokka barely misses the jackal.
The jackal misses your quokka.
Your quokka bites the jackal.
The jackal dies!
Your quokka misses the jackal. The jackal misses your quokka.
Your quokka misses the jackal. The jackal barely misses your quokka.
Your quokka barely misses the jackal.
The jackal barely misses your quokka.
The jackal bites your quokka but does no damage.
Your quokka barely misses the jackal.
The jackal misses your quokka.
Your quokka bites the jackal.
The jackal bites your quokka.
Your quokka barely misses the jackal.
The jackal completely misses your quokka.
Your quokka bites the jackal.
The jackal bites your quokka but does no damage.
Your quokka barely misses the jackal.
The jackal closely misses your quokka.
Your quokka barely misses the jackal.
The jackal bites your quokka.
Your quokka dies!
Your quokka's corpse disappears in a puff of smoke!
Casting: Summon Small Mammal (safe; 3% risk of failure)
Confirm with . or Enter, or press ? or * to list all spells.
The jackal closely misses you. The jackal bites your bat.
Your bat closely misses the jackal.
Casting: Summon Small Mammal (safe; 3% risk of failure)
Confirm with . or Enter, or press ? or * to list all spells.
Your bat misses the jackal. The jackal barely misses you.
Your bat hits the jackal. The jackal bites your bat.
Your bat dies!
Your bat's corpse disappears in a puff of smoke!
You closely miss the jackal.
The jackal is lightly wounded.
The jackal completely misses you. The jackal barely misses you.
You scratch the jackal.
The jackal is severely wounded.
The jackal bites you.
You die...

##############
#............. ##
######.#.......####
#.##.@b...#.#####.# ##
#.#h####.#.#####.####
#.###.....#.#.##.....).#
#.#.#.##........##.##.#
#.##.####.#.#####.##.#
#†##.####.#.....[.##.#
#.##......##########.#
....#####.# #.......
.!... ###.#####.####..


You could see a jackal (ally target) and a friendly bat (summoned).

Vanquished Creatures
  A giant cockroach (D:1)
  3 jackals (D:1)
  2 ball pythons (D:1)
  A bat (D:1)
  A rat (D:1)
8 creatures vanquished.

Vanquished Creatures (collateral kills)
  2 giant cockroaches (D:1)
  2 jackals (D:1)
4 creatures vanquished.

Grand Total: 12 creatures vanquished

Notes
Turn   | Place    | Note
-------+----------+-------------------------------------------
     0 | D:1      | riojii the Felid Summoner began the quest for the Orb.
     0 | D:1      | Reached XP level 1. HP: 7/7 MP: 4/4
   410 | D:1      | Reached XP level 2. HP: 10/11 MP: 6/6
   604 | D:1      | Slain by a jackal

Illustrated notes

Levels and vault maps discovered:
D:1:      moated_graveyard_arrival, layout_loops_cross, serial_shops,
          shop_fountains, minivault_23

Action                   || total
-------------------------++-------
Melee: Unarmed           ||    47
       Bite              ||     4
 Cast: Summon Small Mamm ||     8
 Stab: Distracted        ||     1
Armor: Skin              ||     3
Dodge: Dodged            ||    57

Table legend: (Time is in decaauts)
 A = Elapsed time spent in this place.
 B = Non-inter-level travel time spent in this place.
 C = Inter-level travel time spent in this place.
 D = Time resting spent in this place.
 E = Time spent auto-exploring this place.
 F = Levels seen in this place.
 G = Mean time per level.
                   A        B        C        D        E       F      G
               +--------+--------+--------+--------+--------+-----+--------+
         Total |    556 |    556 |      0 |      0 |    404 |   1 |  556.0 |
       Dungeon |    556 |    556 |      0 |      0 |    404 |   1 |  556.0 |
               +--------+--------+--------+--------+--------+-----+--------+

Top non-repeatable levels by time:
     D:1: 556 daAuts
